 Dungeon Crawl Stone Soup version 0.29.1-12-g30fa7ad0bf (webtiles) character file.

Game seed: 9270127653060094346

13372 Selene the Severer (level 11, 102/102 HPs)
             Began as a Minotaur Berserker on Jan 7, 2023.
             Was an Elder of Trog.
             Quit the game on level 1 of the Lair of Beasts on Jan 8, 2023.
             The game lasted 01:12:32 (15762 turns).

Selene the Severer (Minotaur Berserker)            Turns: 15762, Time: 01:12:33

Health: 102/102    AC: 18    Str: 26    XL:     11   Next: 74%
Magic:  10/10      EV: 12    Int:  3    God:    Trog [****..]
Gold:   733        SH:  0    Dex: 19    Spells: 10/10 levels left

rFire   . . .      SeeInvis .   u - +0 flail
rCold   + . .      Faith    .   (no shield)
rNeg    . . .      Spirit   .   D - +0 plate armour
rPois   .          Reflect  .   (helmet restricted)
rElec   .          Harm     .   (no cloak)
rCorr   .          Rampage  .   k - +1 pair of gloves
Will    .....      Rage     3%  l - +0 pair of boots
Stlth   ..........              A - amulet of regeneration
HPRegen 1.07/turn               m - +4 ring of slaying
MPRegen 0.12/turn               t - +6 ring of dexterity

@: no status effects
A: horns 2, retaliatory headbutt, agile 1, berserk 1, cold resistance 1,
screaming 1
a: Renounce Religion, Berserk, Trog's Hand, Brothers in Arms


You were on level 1 of the Lair of Beasts.
You worshipped Trog.
Trog was greatly pleased with you.
You visited 2 branches of the dungeon, and saw 10 of its levels.

You collected 733 gold pieces.

Inventory:

Hand Weapons
 a - a +1 hand axe
 u - a +0 flail (weapon)
 B - a +2 war axe
 F - a +5 battleaxe of freezing
 J - a +2 vorpal war axe
Missiles
 b - a throwing net (quivered)
Armour
 k - a +1 pair of gloves (worn)
 l - a +0 pair of boots (worn)
 n - a +0 leather armour of cold resistance
 r - a +3 leather armour of poison resistance
 D - a +0 plate armour (worn)
Jewellery
 e - a ring of ice
 m - a +4 ring of slaying (left hand)
 t - a +6 ring of dexterity (right hand)
 A - an amulet of regeneration (around neck)
 H - an amulet of the acrobat
Scrolls
 d - 7 scrolls of identify
 g - 3 scrolls of teleportation
 j - 2 scrolls of poison
 p - 2 scrolls of magic mapping
 q - a scroll of amnesia {unknown}
 y - a scroll of brand weapon {unknown}
 z - a scroll of enchant weapon
 I - a scroll of blinking
Potions
 f - 4 potions of curing
 h - a potion of invisibility
 o - a potion of might
 x - a potion of ambrosia {unknown}
 E - a potion of magic


   Skills:
 + Level 11.3 Fighting
 * Level 15.2 Axes
 + Level 9.8 Armour
 + Level 9.0 Dodging


You had 10 spell levels left.
You didn't know any spells.
Your spell library was empty.

Dungeon Overview and Level Annotations

Branches:
Dungeon (9/15)             Temple (0/1) D:5            Lair (1/5) D:9
    Orc: D:9-12

Altars:
Cheibriados
Dithmenos
Elyvilon
Qazlal
Uskayaw
Vehumet
Yredelemnul

Shops:
D:6 *


Innate Abilities, Weirdness & Mutations

You have a pair of horns on your head.
You reflexively headbutt those who attack you in melee.
You are agile. (Dex +4, Str/Int -1)
You sometimes lose your temper in combat.
Your flesh is cold resistant. (rC+)
You occasionally shout uncontrollably at your foes.


Message History

Your +5 battleaxe of freezing stops glowing.
u - a +0 flail (weapon)
Unknown command.
Unknown command.
A red film seems to cover your vision as you go berserk!
You feel yourself moving faster!
You feel mighty!
You sock the six-headed hydra! You headbutt the six-headed hydra!!
The six-headed hydra is heavily wounded.
The six-headed hydra bites you but does no damage.
The six-headed hydra barely misses you. x2
The six-headed hydra bites you but does no damage.
The six-headed hydra bites you.
The six-headed hydra bites you but does no damage.
You sock the six-headed hydra! You headbutt the six-headed hydra!!
The six-headed hydra is almost dead.
Unknown command.
You bludgeon the six-headed hydra!!
You feel the power of Trog in you as your rage grows.
You kill the six-headed hydra!
Trog accepts your kill.
Your Dodging skill increases to level 9!
You see here a hydra corpse.
You start resting.
You feel a strong urge to attack something.
You start waiting.
You feel your anger nearly subside.
You start waiting.
You are no longer berserk.
You are exhausted.
You feel yourself slow down.
You start waiting.
You feel yourself speed up.
You start waiting.
You recover from your berserk rage.
You start waiting.
Done waiting.
You start waiting.
Done waiting.
You see here a +0 chain mail.
Are you sure you want to abandon this character and quit the game? (Confirm with "yes".)

####### ##.....###
#........## #.........#
#..[.@..>.# #P........#
##........# ## ####
#........#
.####..######.#......#
........#.##รท###....##
########.....# #....#
#.####.######## ###
#..##


There were no monsters in sight!

Vanquished Creatures
  2 hydras (Lair:1)
  2 two-headed ogres (D:8)
  Amaemon (Lair:1)
  2 black mambas (Lair:1)
  An orange demon (Lair:1)
  A cane toad (Lair:1)
  Maggie (Lair:1)
  3 komodo dragons
  A troll (D:9)
  Grinder (D:3)
  Sigmund (D:5)
  10 yaks
  3 shadows (D:9)
  Eustachio (D:4)
  2 basilisks (Lair:1)
  2 steam dragons
  Duvessa (D:7)
  4 water moccasins
  4 orc warriors
  2 sky beasts
  3 ice beasts (D:6)
  An ogre (D:6)
  2 black bears
  A centaur (D:6)
  A phantom (D:4)
  2 kobold brigands (D:8)
  7 bullfrogs
  7 necrophages
  4 scorpions
  9 wights
  Dowan (D:7)
  10 killer bees
  8 howler monkeys
  6 orc priests
  A hound (D:7)
  6 iguanas
  Natasha (D:2)
  9 orc wizards
  7 adders
  A shadow imp (D:6)
  2 white imps
  An ufetubus (D:4)
  3 worms
  3 dart slugs
  19 orcs
  3 endoplasms
  4 giant cockroaches
  6 goblins
  4 hobgoblins
  4 jackals (D:2)
  15 kobolds
  5 quokkas
  4 ball pythons
  6 bats
  3 frilled lizards
  4 rats
218 creatures vanquished.

Vanquished Creatures (others)
  4 fungi (Lair:1)
  6 plants (Lair:1)
10 creatures vanquished.

Grand Total: 228 creatures vanquished

Notes
Turn   | Place    | Note
-------+----------+-------------------------------------------
     0 | D:1      | Selene the Minotaur Berserker began the quest for the Orb.
     0 | D:1      | Reached XP level 1. HP: 19/19 MP: 0/0
   277 | D:1      | Reached skill level 4 in Axes
   451 | D:1      | Reached XP level 2. HP: 27/27 MP: 1/1
   548 | D:1      | Found a faded altar of an unknown god.
  1156 | D:2      | Identified the +11 mace "Tipixt" {venom, Will+ Int+4 SInv
                  | Stlth-}
  1567 | D:2      | Reached XP level 3. HP: 32/33 MP: 2/2
  1728 | D:2      | Reached ** piety under Trog
  1817 | D:2      | Reached skill level 5 in Axes
  1974 | D:2      | Noticed Natasha
  1985 | D:2      | Killed Natasha
  1986 | D:2      | Reached XP level 4. HP: 8/41 MP: 3/3
  2487 | D:3      | Noticed Grinder
  2775 | D:3      | Killed Grinder
  2776 | D:3      | Reached skill level 5 in Fighting
  2776 | D:3      | Reached skill level 7 in Axes
  2776 | D:3      | Reached XP level 5. HP: 49/49 MP: 4/4
  2776 | D:3      | Reached XP level 6. HP: 56/56 MP: 5/5
  3553 | D:4      | Noticed Eustachio
  3580 | D:4      | Reached skill level 8 in Axes
  3700 | D:4      | Killed Eustachio
  3701 | D:4      | Reached XP level 7. HP: 64/64 MP: 6/6
  3991 | D:4      | Identified the +7 morningstar of the Silent Majority {elec,
                  | rC+ Str+3}
  4707 | D:5      | Entered Level 5 of the Dungeon
  4922 | D:5      | Reached skill level 9 in Axes
  5113 | D:5      | Found a staircase to the Ecumenical Temple.
  5120 | D:5      | Reached *** piety under Trog
  5121 | D:5      | Reached XP level 8. HP: 69/71 MP: 7/7
  5450 | D:5      | Found a snail-covered altar of Cheibriados.
  5477 | D:5      | Found a basalt altar of Yredelemnul.
  5478 | D:5      | Found a white marble altar of Elyvilon.
  5478 | D:5      | Found a shadowy altar of Dithmenos.
  5478 | D:5      | Found a stormy altar of Qazlal.
  5482 | D:5      | Found a hide-covered altar of Uskayaw.
  5483 | D:5      | Found a radiant altar of Vehumet.
  6080 | D:6      | Noticed Sigmund
  6088 | D:5      | Killed Sigmund
  6182 | D:5      | Reached skill level 10 in Axes
  6503 | D:6      | Reached skill level 5 in Armour
  6857 | D:6      | Reached skill level 5 in Dodging
  6857 | D:6      | Reached XP level 9. HP: 36/81 MP: 8/8
  7483 | D:6      | Reached skill level 11 in Axes
  7957 | D:6      | Found Etaunk's General Store.
  8167 | D:7      | Noticed Dowan
  8172 | D:7      | Noticed Duvessa
  8186 | D:7      | Killed Duvessa
  8188 | D:7      | Killed Dowan
  8255 | D:7      | Noticed a komodo dragon
  8277 | D:7      | Killed a komodo dragon
  8278 | D:7      | Reached skill level 12 in Axes
  8728 | D:7      | Reached XP level 10. HP: 79/91 MP: 9/9
  9607 | D:8      | Reached **** piety under Trog
  9715 | D:8      | Noticed a two-headed ogre
  9730 | D:8      | Killed a two-headed ogre
  9731 | D:8      | Reached skill level 13 in Axes
 10867 | D:8      | Noticed a two-headed ogre
 10876 | D:8      | Killed a two-headed ogre
 10877 | D:8      | Reached skill level 10 in Fighting
 11744 | D:8      | Gained mutation: You sometimes lose your temper in combat.
                  | [potion of mutation]
 11744 | D:8      | Gained mutation: You occasionally shout uncontrollably at
                  | your foes. [potion of mutation]
 11744 | D:8      | Gained mutation: Your flesh is cold resistant. (rC+)
                  | [potion of mutation]
 11744 | D:8      | Gained mutation: You are agile. (Dex +4, Str/Int -1)
                  | [potion of mutation]
 12125 | D:9      | Reached XP level 11. HP: 101/101 MP: 10/10
 12267 | D:9      | Reached skill level 14 in Axes
 12887 | D:9      | Found a staircase to the Lair.
 13108 | Lair:1   | Entered Level 1 of the Lair of Beasts
 13810 | Lair:1   | Noticed Amaemon
 13824 | Lair:1   | Killed Amaemon
 14367 | Lair:1   | Noticed Maggie
 14377 | Lair:1   | Killed Maggie
 14404 | Lair:1   | Noticed an eight-headed hydra
 14519 | Lair:1   | Noticed a six-headed hydra
 15212 | Lair:1   | Reached skill level 15 in Axes
 15412 | Lair:1   | Killed an eight-headed hydra
 15524 | Lair:1   | Killed a six-headed hydra
 15762 | Lair:1   | Quit the game

Illustrated notes

Levels and vault maps discovered:
D:1:      zaba_arrival_water, layout_loops_ring,
          hellmonk_ecumenical_altar_prayer_group
D:2:      layout_loops_ring, uniq_natasha
D:3:      layout_basic, uniq_grinder
D:4:      layout_cave_pods, hangedman_decor_clover_reticule,
          kennysheep_generic_room_8, uniq_eustachio
D:5:      layout_basic, minitemple, minmay_temple_entry_mini_moons
D:6:      cheibrodos_barr_body, layout_loops_ring, serial_shops,
          nicolae_lakefront_shop, uniq_sigmund
D:7:      layout_rooms, reono_crystal_passage, corexii_item_surrounded_by_moat,
          uniq_duvessa
D:8:      layout_rooms, enter_bailey_2
D:9:      layout_basic, lair_entry_dummy, hangedman_decor_peaks_small,
          kennysheep_big_empty_room
Lair:1:   layout_cave_pods, serial_bayou_shore_b, uniq_maggie, uniq_amaemon

Skill      XL: |  1  2  3  4  5  6  7  8  9 10 11 |
---------------+----------------------------------+-----
Axes           | 4 5 7 8 9 10 12 13 15 | 15.2
Fighting       | 4 5 6 8 9 10 11 | 11.3
Armour         | 3 5 7 8 9 |  9.8
Dodging        | 3 5 6 7 9 |  9.0

Action                   |  1- 3 |  4- 6 |  7- 9 | 10-12 || total
-------------------------+-------+-------+-------+-------++-------
Melee: Hand axe          |    67 |    87 |   310 |    60 ||   524
       Headbutt          |     7 |    11 |    73 |    43 ||   134
       Punch             |     2 |       |     4 |     3 ||     9
       War axe           |       |       |       |   101 ||   101
       Battleaxe         |       |       |       |    42 ||    42
       Flail             |       |       |       |     9 ||     9
Invok: Berserk           |       |     4 |     4 |    11 ||    19
       Trog's Hand       |       |     1 |     1 |       ||     2
Evoke: Wand              |       |       |     1 |       ||     1
  Use: Scroll            |     4 |     2 |     5 |     5 ||    16
       Potion            |     4 |       |     5 |     6 ||    15
Armor: Animal skin       |    13 |       |       |       ||    13
       Leather armour    |       |    16 |    38 |     1 ||    55
       Scale mail        |       |    36 |       |       ||    36
       Chain mail        |       |       |    62 |    48 ||   110
       Plate armour      |       |       |       |    84 ||    84
Dodge: Dodged            |    39 |    40 |   139 |   161 ||   379
